UAA
MERCER ISLAND SCREAMING EAGLES @ IRVING BLUE SOX
10/02/2019
 
TOP OF THE 1ST
Mercer Island Screaming Eagles batting - Pitching for Irving Blue Sox : RHP Jim Unknown
Pitching: RHP Jim Unknown
Batting: RHB P.J. O'Keefe 0-0: Ball
1-0: Ball
2-0: Ball
3-0: Called Strike
3-1: DOUBLE (Popup, 3D)
Batting: LHB Mike Russell 0-0: Ground out 5-3 (Groundball, 56)
Batting: RHB Luis Antonio Hernández 0-0: Called Strike
0-1: Called Strike
0-2: Strikes out swinging
Batting: SHB Stephen Yates 0-0: Ball
1-0: Called Strike
1-1: Foul Ball, location: 2F
1-2: Strikes out looking
Top of the 1st over - 0 run(s), 1 hit(s), 0 error(s), 1 left on base; Mercer Island 0 - Irving 0
BOTTOM OF THE 1ST
Irving Blue Sox batting - Pitching for Mercer Island Screaming Eagles : LHP Sam Rollins
Pitching: LHP Sam Rollins
Batting: RHB Júlio López 0-0: Ball
1-0: Called Strike
1-1: SOLO HOME RUN (Flyball, 89XD), Distance : 439 ft
Batting: RHB Nathan Boswell 0-0: Ball
1-0: Called Strike
1-1: Fly out, F8 (Flyball, 8LM)
Batting: RHB Dave Ash 0-0: Ball
1-0: Fly out, F9 (Flyball, 9LM)
Batting: RHB Daniel Molina 0-0: SOLO HOME RUN (Flyball, 7D), Distance : 390 ft
Batting: RHB Alfredo Chávez 0-0: Ball
1-0: Fly out, F7 (Line Drive, 78M)
Bottom of the 1st over - 2 run(s), 2 hit(s), 0 error(s), 0 left on base; Mercer Island 0 - Irving 2
TOP OF THE 2ND
Mercer Island Screaming Eagles batting - Pitching for Irving Blue Sox : RHP Jim Unknown
Batting: RHB Vincente Flores 0-0: Foul Ball, location: 2F
0-1: Ball
1-1: Ball
2-1: Ball
3-1: Ground out 6-3 (Groundball, 6)
Batting: RHB Ted Cook 0-0: Foul Ball, location: 2F
0-1: Swinging Strike
0-2: SINGLE (Groundball, 4MD)
Batting: SHB Ray Davis 0-0: Ball
1-0: Called Strike
1-1: Ball
2-1: Ball
3-1: Base on Balls
Ted Cook to second
Batting: RHB Alan Rosales 0-0: Ball
1-0: Fielders Choice at 2nd, 1-6 (Groundball, 15)
Ted Cook to third
Batting: RHB Luis Jiménez 0-0: Foul Ball, location: 2F
0-1: Fly out, F5 (Line Drive, 56S)
Top of the 2nd over - 0 run(s), 1 hit(s), 0 error(s), 2 left on base; Mercer Island 0 - Irving 2
BOTTOM OF THE 2ND
Irving Blue Sox batting - Pitching for Mercer Island Screaming Eagles : LHP Sam Rollins
Batting: SHB Ron Peterson 0-0: Foul Ball, location: 2F
0-1: Foul Ball, location: 2F
0-2: Foul Ball, location: 2F
0-2: Ball
1-2: Fly out, F9 (Flyball, 9D)
Batting: RHB Gilberto Díaz 0-0: Ball
1-0: Ball
2-0: Ball
3-0: Base on Balls
Batting: RHB Stan Barnes 0-0: Ball
1-0: Called Strike
1-1: Swinging Strike
1-2: Foul Ball, location: 2F
1-2: Strikes out swinging
Batting: RHB Dennis Clifton 0-0: Called Strike
0-1: Ball
1-1: SINGLE (Groundball, 56S)
Gilberto Díaz to second
Batting: RHB Júlio López 0-0: Ball
1-0: Ball
2-0: Fly out, F9 (Flyball, 4D)
Bottom of the 2nd over - 0 run(s), 1 hit(s), 0 error(s), 2 left on base; Mercer Island 0 - Irving 2
TOP OF THE 3RD
Mercer Island Screaming Eagles batting - Pitching for Irving Blue Sox : RHP Jim Unknown
Batting: RHB P.J. O'Keefe 0-0: Ball
1-0: Foul Ball, location: 2F
1-1: Foul Ball, location: 2F
1-2: Ground out 6-3 (Groundball, 6)
Batting: LHB Mike Russell 0-0: Ball
1-0: Called Strike
1-1: Ball
2-1: SINGLE (Groundball, 4MD)
Batting: RHB Luis Antonio Hernández 0-0: Ball
1-0: Ball
2-0: Ball
3-0: Called Strike
3-1: Swinging Strike
3-2: Base on Balls
Mike Russell to second
Batting: SHB Stephen Yates 0-0: Foul Ball, location: 2F
0-1: Swinging Strike
0-2: Ball
1-2: Foul Ball, location: 2F
1-2: Ball
2-2: Fielders Choice at 2nd, 1-4 (Groundball, 15)
Mike Russell to third
Batting: RHB Vincente Flores 0-0: Ball
1-0: Ground out 4-3 (Groundball, 4)
Top of the 3rd over - 0 run(s), 1 hit(s), 0 error(s), 2 left on base; Mercer Island 0 - Irving 2
BOTTOM OF THE 3RD
Irving Blue Sox batting - Pitching for Mercer Island Screaming Eagles : LHP Sam Rollins
Batting: RHB Nathan Boswell 0-0: Ball
1-0: Swinging Strike
1-1: Ball
2-1: Foul Ball, location: 2F
2-2: Strikes out swinging
Batting: RHB Dave Ash 0-0: TRIPLE (Line Drive, 9LS)
Batting: RHB Daniel Molina 0-0: Foul Ball, location: 2F
0-1: Called Strike
0-2: Fly out, F9 (Flyball, 9D)
Runner from 3rd tags up, SCORES, no throw
Batting: RHB Alfredo Chávez 0-0: Ball
1-0: Ball
2-0: Called Strike
2-1: Foul Ball, location: 2F
2-2: Foul Ball, location: 2F
2-2: Foul Ball, location: 2F
2-2: Strikes out looking
Bottom of the 3rd over - 1 run(s), 1 hit(s), 0 error(s), 0 left on base; Mercer Island 0 - Irving 3
TOP OF THE 4TH
Mercer Island Screaming Eagles batting - Pitching for Irving Blue Sox : RHP Jim Unknown
Batting: RHB Ted Cook 0-0: Called Strike
0-1: Ball
1-1: Ground out 5-3 (Groundball, 5)
Batting: SHB Ray Davis 0-0: Called Strike
0-1: Foul Ball, location: 2F
0-2: Strikes out swinging
Batting: RHB Alan Rosales 0-0: Called Strike
0-1: Foul Ball, location: 2F
0-2: Fly out, F7 (Flyball, 78D)
Top of the 4th over - 0 run(s), 0 hit(s), 0 error(s), 0 left on base; Mercer Island 0 - Irving 3
BOTTOM OF THE 4TH
Irving Blue Sox batting - Pitching for Mercer Island Screaming Eagles : LHP Sam Rollins
Batting: SHB Ron Peterson 0-0: Called Strike
0-1: Ball
1-1: SINGLE (Groundball, 4D) (infield hit)
Batting: RHB Gilberto Díaz 0-0: Swinging Strike
0-1: Ball
1-1: Ball
2-1: Foul Ball, location: 2F
2-2: Ball
3-2: Foul Ball, location: 2F
3-2: Foul Ball, location: 2F
3-2: Foul Ball, location: 2F
3-2: Strikes out swinging
Ron Peterson is caught stealing 2nd base
Batter strikes out.
Batting: RHB Stan Barnes 0-0: Fly out, F8 (Flyball, 89M)
Bottom of the 4th over - 0 run(s), 1 hit(s), 0 error(s), 0 left on base; Mercer Island 0 - Irving 3
TOP OF THE 5TH
Mercer Island Screaming Eagles batting - Pitching for Irving Blue Sox : RHP Jim Unknown
Batting: RHB Luis Jiménez 0-0: Called Strike
0-1: SINGLE (Groundball, 56) (infield hit)
Batting: RHB P.J. O'Keefe 0-0: Called Strike
0-1: Ball
1-1: Grounds into double play, 5-4-3 (Groundball, 56)
Batting: LHB Mike Russell 0-0: Ball
1-0: Swinging Strike
1-1: Fly out, F8 (Flyball, 78D)
Top of the 5th over - 0 run(s), 1 hit(s), 0 error(s), 0 left on base; Mercer Island 0 - Irving 3
BOTTOM OF THE 5TH
Irving Blue Sox batting - Pitching for Mercer Island Screaming Eagles : LHP Sam Rollins
Batting: RHB Dennis Clifton 0-0: Called Strike
0-1: SINGLE (Groundball, 56)
Batting: RHB Júlio López 0-0: Fly out, F8 (Flyball, 78M)
Batting: RHB Nathan Boswell 0-0: Ball
1-0: Called Strike
1-1: SINGLE (Groundball, 4M)
Dennis Clifton to second
Batting: RHB Dave Ash 0-0: Ball
1-0: Foul Ball, location: 2F
1-1: Grounds into double play, 4-6-3 (Groundball, 4)
Bottom of the 5th over - 0 run(s), 2 hit(s), 0 error(s), 1 left on base; Mercer Island 0 - Irving 3
TOP OF THE 6TH
Mercer Island Screaming Eagles batting - Pitching for Irving Blue Sox : RHP Jim Unknown
Batting: RHB Luis Antonio Hernández 0-0: SINGLE (Flyball, 8LS)
Batting: SHB Stephen Yates 0-0: Ball
1-0: Foul Ball, location: 2F
1-1: Grounds into double play, 4-6-3 (Groundball, 4)
Batting: RHB Vincente Flores 0-0: Called Strike
0-1: Ball
1-1: Swinging Strike
1-2: SINGLE (Groundball, 3S)
Batting: RHB Ted Cook 0-0: Ball
1-0: Called Strike
1-1: Ball
2-1: Ball
Vincente Flores steals 2nd base
3-1: Foul Ball, location: 2F
3-2: Foul Ball, location: 2F
3-2: Foul Ball, location: 2F
3-2: Foul Ball, location: 2F
3-2: Foul Ball, location: 2F
3-2: Foul Ball, location: 2F
3-2: Strikes out swinging
Top of the 6th over - 0 run(s), 2 hit(s), 0 error(s), 1 left on base; Mercer Island 0 - Irving 3
BOTTOM OF THE 6TH
Irving Blue Sox batting - Pitching for Mercer Island Screaming Eagles : LHP Sam Rollins
Batting: RHB Daniel Molina 0-0: Ground out 6-3 (Groundball, 6M)
Batting: RHB Alfredo Chávez 0-0: SINGLE (Line Drive, 89S)
Batting: SHB Ron Peterson 0-0: Ball
1-0: Grounds into double play, 4-6-3 (Groundball, 4)
Bottom of the 6th over - 0 run(s), 1 hit(s), 0 error(s), 0 left on base; Mercer Island 0 - Irving 3
TOP OF THE 7TH
Mercer Island Screaming Eagles batting - Pitching for Irving Blue Sox : RHP Jim Unknown
Batting: SHB Ray Davis 0-0: Called Strike
0-1: Ball
1-1: Swinging Strike
1-2: Foul Ball, location: 2F
1-2: Ball
2-2: Strikes out swinging
Batting: RHB Alan Rosales 0-0: Foul Ball, location: 2F
0-1: Fly out, F9 (Flyball, 9LMF)
Batting: RHB Luis Jiménez 0-0: Ball
1-0: Called Strike
1-1: Ball
2-1: Ground out 6-3 (Groundball, 6)
Top of the 7th over - 0 run(s), 0 hit(s), 0 error(s), 0 left on base; Mercer Island 0 - Irving 3
BOTTOM OF THE 7TH
Irving Blue Sox batting - Pitching for Mercer Island Screaming Eagles : LHP Sam Rollins
Batting: RHB Gilberto Díaz 0-0: Fly out, F6 (Popup, 6MD)
Batting: RHB Stan Barnes 0-0: Called Strike
0-1: Ball
1-1: Ball
2-1: Ground out 6-3 (Groundball, 56)
Batting: RHB Dennis Clifton 0-0: Ball
1-0: Fly out, F8 (Flyball, 8LM)
Bottom of the 7th over - 0 run(s), 0 hit(s), 0 error(s), 0 left on base; Mercer Island 0 - Irving 3
TOP OF THE 8TH
Mercer Island Screaming Eagles batting - Pitching for Irving Blue Sox : RHP Jim Unknown
Batting: RHB P.J. O'Keefe 0-0: Ball
1-0: Called Strike
1-1: Fly out, F6 (Popup, 6D)
Batting: LHB Mike Russell 0-0: Foul Ball, location: 2F
0-1: Ball
1-1: Called Strike
1-2: Foul Ball, location: 2F
1-2: Strikes out looking
Batting: RHB Luis Antonio Hernández 0-0: Called Strike
0-1: Fly out, F9 (Flyball, 9D)
Top of the 8th over - 0 run(s), 0 hit(s), 0 error(s), 0 left on base; Mercer Island 0 - Irving 3
BOTTOM OF THE 8TH
Irving Blue Sox batting - Pitching for Mercer Island Screaming Eagles : LHP Sam Rollins
Batting: RHB Júlio López 0-0: Called Strike
0-1: Foul Ball, location: 2F
0-2: Ball
1-2: Foul Ball, location: 2F
1-2: Ball
2-2: Strikes out looking
Batting: RHB Nathan Boswell 0-0: Ball
1-0: SOLO HOME RUN (Flyball, 78XD), Distance : 434 ft
Batting: RHB Dave Ash 0-0: Swinging Strike
0-1: Ball
1-1: Fly out, F7 (Flyball, 7M)
Batting: RHB Daniel Molina 0-0: Ball
1-0: Ball
2-0: Ball
3-0: Foul Ball, location: 2F
3-1: Called Strike
3-2: Ground out 6-3 (Groundball, 6)
Bottom of the 8th over - 1 run(s), 1 hit(s), 0 error(s), 0 left on base; Mercer Island 0 - Irving 4
TOP OF THE 9TH
Mercer Island Screaming Eagles batting - Pitching for Irving Blue Sox : RHP Jim Unknown
Pitching: RHP Andy Perry
Batting: SHB Stephen Yates 0-0: Called Strike
0-1: Foul Ball, location: 2F
0-2: Foul Ball, location: 2F
0-2: Strikes out swinging
Batting: RHB Vincente Flores 0-0: Swinging Strike
0-1: Ball
1-1: Ball
2-1: Foul Ball, location: 2F
2-2: Strikes out swinging
Batting: RHB Ted Cook 0-0: Ball
1-0: Ball
2-0: Called Strike
2-1: Foul Ball, location: 2F
2-2: Foul Ball, location: 2F
2-2: Foul Ball, location: 2F
2-2: Strikes out swinging
Top of the 9th over - 0 run(s), 0 hit(s), 0 error(s), 0 left on base; Mercer Island 0 - Irving 4
This league is powered by Out of the Park Baseball, the baseball management simulation game for PC, Mac and Linux
Saturday, July 25th, 2015 - OOTP Baseball 15.6 Build 34